 Dungeon Crawl Stone Soup version 0.22-a0-282-gdd34a7dfb5 (webtiles) character file.

3842 Qrupt the Skirmisher (level 9, -2/72 HPs)
             Began as a Mummy Wizard on Mar 14, 2018.
             Was a Follower of Qazlal.
             Slain by a hog (10 damage)
             ... on level 9 of the Dungeon on Mar 18, 2018.
             The game lasted 00:38:58 (14934 turns).

Qrupt the Skirmisher (Mummy Wizard)                Turns: 14934, Time: 00:38:58

Health: -2/72      AC:  4    Str: 10    XL:     9   Next: 98%
Magic:  1/15       EV: 17    Int: 20    God:    Qazlal [*.....]
Gold:   458        SH:  2    Dex: 11    Spells: 5/16 levels left

rFire    x . .     SeeInvis .   r - +0 quarterstaff (protect)
rCold    + . .     Gourm    .   (shield currently unavailable)
rNeg     + + +     Faith    .   a - +0 robe
rPois    ∞         Spirit   .   b - +0 hat
rElec    .         Reflect  .   s - +0 cloak
rCorr    .         Harm     .   p - +0 pair of gloves
MR       +....                  (no boots)
Stlth    ++........             (no amulet)
HPRegen  0.22/turn              w - +2 ring of evasion
MPRegen  0.14/turn              (no ring)

@: no status effects
A: no food or potions, fire vulnerability, cold resistance 1, negative energy
resistance 3, torment resistance, unbreathing
a: Renounce Religion


You were on level 9 of the Dungeon.
You worshipped Qazlal.
Qazlal was aware of your devotion.
You were not hungry.

You visited 2 branches of the dungeon, and saw 10 of its levels.

You collected 591 gold pieces.
You spent 133 gold pieces at shops.

Inventory:

Hand Weapons
 g - a +0 morningstar of protection
 r - a +0 quarterstaff of protection (weapon)
Armour
 a - a +0 robe (worn)
 b - a +0 hat (worn)
 p - a +0 pair of gloves (worn)
 s - a +0 cloak (worn)
Jewellery
 f - an uncursed ring of protection from magic
 w - a +2 ring of evasion (left hand)
Wands
 i - a wand of iceblast (20)
 n - a wand of disintegration (14)
Scrolls
 c - a scroll of random uselessness
 d - a scroll of fog {unknown}
 e - 2 scrolls of enchant weapon
 h - 7 scrolls of identify
 j - a scroll of acquirement {unknown}
 k - 6 scrolls of remove curse
 l - a scroll of immolation {unknown}
 m - a scroll of blinking {unknown}
 o - a scroll of vulnerability {unknown}
 q - 5 scrolls of amnesia {unknown}
 u - 2 scrolls of magic mapping {unknown}


   Skills:
 + Level 7.2 Fighting
 + Level 5.9 Staves
 + Level 6.3 Dodging
 - Level 1.5 Stealth
 - Level 4.0 Spellcasting
 - Level 5.7 Conjurations
 - Level 0.7 Summonings
 - Level 0.7 Translocations


You had 5 spell levels left.
You knew the following spells:

 Your Spells              Type           Power        Failure   Level  Hunger
a - Magic Dart            Conj           ####         1%          1    N/A
b - Blink                 Tloc           N/A          14%         2    N/A
c - Call Imp              Summ           #.......     14%         2    N/A
d - Conjure Flame         Conj/Fire      ###.....     12%         3    N/A
e - Mephitic Cloud        Conj/Pois/Air  ##......     17%         3    N/A

Dungeon Overview and Level Annotations

Branches:
Dungeon (9/15)             Temple (1/1) D:4
   Lair: D:8-11         Orc: D:9-12

Altars:
Ashenzari
Cheibriados
Dithmenos
Elyvilon
Fedhas
Gozag
Hepliaklqana
Kikubaaqudgha
Makhleb
Nemelex Xobeh
Okawaru
Qazlal
Ru
Sif Muna
Trog
Uskayaw
Vehumet
Wu Jian
Xom
Yredelemnul
Zin
The Shining One

Shops:
D:4 }(%%?

Annotations:
D:8 Gastronok


Innate Abilities, Weirdness & Mutations

You do not eat or drink.
Your flesh is vulnerable to fire.
You are immune to poison.
Your flesh is cold resistant. (rC+)
You are immune to negative energy. (rN+++)
You are immune to unholy pain and torment.
You can survive without breathing.


Message History

Cast which spell? (? or * to list)
You don't know that spell.
Cast which spell? (? or * to list)
You blink.
The hog completely misses you.
You swap places.
The hog barely misses your crimson imp. The yak closely misses you.
As you read the scroll labeled ASHASCH EGERPH, it crumbles to dust.
It is a scroll of identify.
e - 2 scrolls of enchant weapon The hog bites your crimson imp.
The yak gores you!
* * * LOW HITPOINT WARNING * * *
The hog bites your crimson imp.
Your crimson imp completely misses the hog.
You can't drink.
Okay, then.
Casting: Blink (safe; 14% risk of failure)
Confirm with . or Enter, or press ? or * to list all spells.
You don't have enough magic to cast that spell.
You swap places.
Something gores your crimson imp. The hog bites you!
You die...

....h..Y.#####.# #....# ....
.#######.......####...[## #.## .#
#####.##)..[.....###.##.## .#
#.##.#..........# #.## Y#
#.##.#.......#.# #.## .#
#.##.###...#.#.# #.##
.###########.##.# #...#.#.####.##
†...Y..Y..##########.##.#.#......
########.##..###@h##.##.#........
#.###.##5##h####.#.###..##
#.h§##.##Y##_#.....# #....
####.##.##.#######.###.###
#...#h..# ##)..## # #########
##.## # #.# # #.##### # #. ..##
#......


You could see 2 hogs and a friendly crimson imp.

Vanquished Creatures
  Pikel (D:5)
  2 hippogriffs (D:8)
  A hog (D:9)
  A human (D:9)
  A hungry ghost (D:9)
  A water moccasin (D:9)
  An ice beast (D:6)
  A slave (D:5)
  An orc warrior (D:6)
  2 sky beasts
  A phantom (D:6)
  3 ogres
  2 centaurs
  A big kobold (D:7)
  4 bullfrogs
  4 crimson imps
  3 howler monkeys (D:9)
  A hound (D:6)
  2 bullfrog skeletons
  A jelly (D:5)
  5 orc wizards
  An iguana (D:9)
  Ijyb (D:2)
  Terence (D:3)
  4 worker ants
  A killer bee zombie (D:7)
  2 worker ant zombies
  Robin (D:3)
  2 gnolls (D:6)
  8 adders
  2 shadow imps
  2 oozes
  An adder zombie (D:3)
  A worm (D:2)
  2 dart slugs
  6 leopard geckos
  16 orcs
  4 ball pythons
  10 bats
  3 bat zombies (D:6)
  6 giant cockroaches
  16 goblins
  9 hobgoblins
  25 jackals
  A quokka (D:8)
  6 frilled lizards
  11 kobolds
  A leopard gecko skeleton (D:8)
  A quokka skeleton (D:4)
  4 rats
187 creatures vanquished.

Vanquished Creatures (collateral kills)
  Grinder (D:3)
  A hippogriff (D:7)
  Edmund (D:5)
  A black bear (D:6)
  2 slaves (D:5)
  A bullfrog (D:9)
  An orc wizard (D:6)
  Crazy Yiuf (D:5)
  An iguana (D:4)
  A gnoll (D:6)
  2 orcs
13 creatures vanquished.

Vanquished Creatures (others)
  Menkaure (D:5)
  A hound skeleton (D:5)
2 creatures vanquished.

Grand Total: 202 creatures vanquished

Notes
Turn   | Place    | Note
-------+----------+-------------------------------------------
     0 | D:1      | Qrupt the Mummy Wizard began the quest for the Orb.
     0 | D:1      | Reached XP level 1. HP: 13/13 MP: 5/5
    58 | D:1      | Reached skill level 1 in Conjurations
   581 | D:1      | Reached XP level 2. HP: 17/19 MP: 1/7
  1446 | D:2      | Reached XP level 3. HP: 24/24 MP: 4/8
  1453 | D:2      | Learned a level 2 spell: Blink
  1766 | D:2      | Found a bloodstained altar of Trog.
  2131 | D:3      | Reached XP level 4. HP: 30/30 MP: 5/10
  2405 | D:3      | Noticed Ijyb
  2540 | D:2      | Killed Ijyb
  2826 | D:3      | Noticed Robin
  3127 | D:3      | Found a faded altar of an unknown god.
  3129 | D:3      | Noticed Terence
  3170 | D:2      | Learned a level 2 spell: Call Imp
  3299 | D:3      | Killed Terence
  3299 | D:3      | Reached XP level 5. HP: 21/35 MP: 3/11
  3427 | D:3      | Learned a level 3 spell: Conjure Flame
  3495 | D:3      | Killed Robin
  3636 | D:3      | Noticed Grinder
  4727 | D:3      | Paralysed by Grinder for 7 turns
  4752 | D:3      | Killed Grinder
  4752 | D:3      | Reached skill level 5 in Conjurations
  4752 | D:3      | Reached XP level 6. HP: 10/41 MP: 1/12
  5103 | D:4      | Found Mudutt's Food Shop.
  5131 | D:4      | Found Ynank's Magic Scroll Boutique.
  5134 | D:4      | Bought a scroll of fear for 38 gold pieces
  5137 | D:4      | Found a staircase to the Ecumenical Temple.
  5254 | D:4      | Found a blossoming altar of Fedhas.
  5264 | Temple   | Entered the Ecumenical Temple
  5292 | Temple   | Became a worshipper of Qazlal Stormbringer
  5621 | D:4      | Reached skill level 1 in Fighting
  5778 | D:4      | Found Jikhoury's Food Emporium.
  5807 | D:4      | Found Itaiqa's Weapon Emporium.
  5813 | D:4      | Bought a +0 quarterstaff of protection for 95 gold pieces
  5856 | D:4      | Found Veseuklu's Gadget Boutique.
  6187 | D:5      | Entered Level 5 of the Dungeon
  6187 | D:5      | Noticed a sky beast
  6207 | D:5      | Killed a sky beast
  6207 | D:5      | Reached skill level 1 in Staves
  6207 | D:5      | Reached XP level 7. HP: 22/49 MP: 0/13
  6388 | D:5      | Reached skill level 2 in Fighting
  6912 | D:5      | Found a runed door.
  7079 | D:5      | Noticed Pikel
  7125 | D:5      | Killed Pikel
  7125 | D:5      | Reached skill level 3 in Fighting
  7125 | D:5      | Reached XP level 8. HP: 12/60 MP: 0/14
  7559 | D:5      | Noticed Menkaure
  7576 | D:5      | HP: 2/60 [Menkaure (18)]
  7815 | D:5      | Killed Menkaure
  8001 | D:5      | Noticed Edmund
  8067 | D:5      | Killed Edmund
  8067 | D:5      | Reached skill level 4 in Fighting
  8318 | D:5      | Noticed Crazy Yiuf
  8327 | D:5      | Killed Crazy Yiuf
  8851 | D:6      | Found an ancient bone altar of Kikubaaqudgha.
  8854 | D:6      | Upgraded the game from 0.22-a0-274-gf8199ec82f to 0.22-a0-281-g2e20325899
  9324 | D:6      | Found a deep blue altar of Sif Muna.
  9735 | D:6      | Reached skill level 5 in Fighting
 10508 | D:6      | You fall through a shaft for 2 floors!
 10929 | D:8      | Noticed a hippogriff
 10937 | D:8      | Noticed Gastronok
 10949 | D:8      | Found a sparkling altar of Nemelex Xobeh.
 10950 | D:8      | Noticed a hippogriff
 10958 | D:9      | Reached XP level 9. HP: 56/68 MP: 2/15
 11294 | D:7      | Reached skill level 5 in Dodging
 11327 | D:6      | Reached * piety under Qazlal
 12061 | D:7      | Reached skill level 6 in Fighting
 12857 | D:8      | Learned a level 3 spell: Mephitic Cloud
 12948 | D:8      | Found a burning altar of Makhleb.
 13098 | D:8      | Reached skill level 5 in Staves
 14619 | D:9      | Reached skill level 7 in Fighting
 14731 | D:9      | Found a shimmering altar of Xom.
 14930 | D:9      | Upgraded the game from 0.22-a0-281-g2e20325899 to 0.22-a0-282-gdd34a7dfb5
 14934 | D:9      | Slain by a hog

Vault maps used:
D:1:      sevenhm_arrival_forest_fort_large_2
D:2:      lemuel_round_altar
D:3:      chequers_ecumenical_altar_simple, minmay_shallow_snake_nest,
          uniq_terence, uniq_robin, uniq_ijyb, uniq_grinder
D:4:      minmay_temple_entry_statues_fountains, serial_shops, shop,
          nicolae_shop_trees, shop, shop, shop, fedhas_altar_1
D:5:      serial_co_window_serial, co_window_paths_b, co_window_corner_a,
          co_window_paths_a, co_window_of_opportunity_a, co_window_paths_a,
          co_window_unsneaky_path_c, co_window_paths_c, co_window_broadway_b,
          co_window_4corner_b, glass_columns_c, glass_columns_b,
          glass_columns_c, first_ration, uniq_pikel, uniq_edmund,
          uniq_crazy_yiuf_cottage, uniq_menkaure
D:6:      lemuel_zombie_altar_kikubaaqudgha, tgw_sif
D:7:      dk_vineyard_2
D:8:      old_standard_altar, nicolae_overflow_crystal_walls, uniq_gastronok
D:9:      marbit_many_paths, grunt_livestock
Temple:   nicolae_temple_x_marks_the_god

Skill      XL: |  1  2  3  4  5  6  7  8  9 |
---------------+----------------------------+-----
Conjurations   | 1 2 3 4 5 |  5.7
Fighting       | 1 3 5 7 |  7.2
Dodging        | 2 3 4 6 |  6.3
Staves         | 1 2 4 5 |  5.9
Stealth        | |  1.5
Spellcasting   | |  4.0
Summonings     | |  0.7
Translocations | |  0.7

Action                   |  1- 3 |  4- 6 |  7- 9 || total
-------------------------+-------+-------+-------++-------
Melee: Unarmed           |    11 |       |       ||    11
       Whip              |    25 |    11 |       ||    36
       Short sword       |       |    34 |       ||    34
       Quarterstaff      |       |     5 |   123 ||   128
 Cast: Magic Dart        |   107 |   183 |   387 ||   677
       Call Imp          |       |     8 |    56 ||    64
       Blink             |       |     6 |     8 ||    14
  Use: Scroll            |       |     3 |     6 ||     9
 Stab: Sleeping          |       |     1 |       ||     1
Armor: Robe              |    16 |    23 |    73 ||   112
Dodge: Dodged            |    45 |    73 |   282 ||   400
Block: Other             |       |       |    10 ||    10

Table legend:
 A = Spawn XP
 B = Non-spawn XP
 C = Spawn XP percentage of total XP
 D = Spawn monster count
 E = Non-spawn monster count
 F = Spawn count percentage of total count
 G = Total turns spent on level
                    A         B        C        D         E        F      G
               +---------+---------+-------+---------+---------+-------+---------
         Total |       0 |    5489 |   0.0 |       0 |     198 |   0.0 | 14934
               +---------+---------+-------+---------+---------+-------+---------
           D:1 |       0 |      38 |   0.0 |       0 |      21 |   0.0 |  1403
           D:2 |       0 |      67 |   0.0 |       0 |      19 |   0.0 |  1418
           D:3 |       0 |     440 |   0.0 |       0 |      51 |   0.0 |  2165
           D:4 |       0 |     153 |   0.0 |       0 |      13 |   0.0 |  1149
           D:5 |       0 |    1166 |   0.0 |       0 |      12 |   0.0 |  2208
           D:6 |       0 |    1012 |   0.0 |       0 |      27 |   0.0 |  2725
           D:7 |       0 |     634 |   0.0 |       0 |      14 |   0.0 |  1059
           D:8 |       0 |     598 |   0.0 |       0 |      17 |   0.0 |  1363
           D:9 |       0 |    1381 |   0.0 |       0 |      24 |   0.0 |  1392
               +---------+---------+-------+---------+---------+-------+---------
